 Dungeon Crawl Stone Soup version 0.31-a0-175-g9f7f995f2b (webtiles) character file.

Game seed: 10109811838242604830

118 qw the Shooter (level 5, 0/32 HPs)
             Began as a Gargoyle Hunter on June 17, 2023.
             Slain by an orc wizard
             ... wielding a +0 dagger
              (2 damage)
             ... on level 3 of the Dungeon.
             The game lasted 00:00:44 (1654 turns).

qw the Shooter (Gargoyle Hunter)                    Turns: 1654, Time: 00:00:44

Health: 0/32       AC: 10    Str: 15    XL:     5   Next: 2%
Magic:  5/5        EV: 11    Int:  9    God:
Gold:   96         SH:  0    Dex: 15    Spells: 4/4 levels left

rFire   . . .        e - +0 shortbow (heavy)
rCold   . . .        (shield currently unavailable)
rNeg    + . .        d - +0 ring mail
rPois   inf          (no helmet)
rElec   +            (no cloak)
rCorr   .            (no gloves)
SInv    .            a - +0 pair of boots {Stlth+}
Will    .....        (no amulet)
Stlth   ++           (no ring)
HPRegen 0.25/turn    (no ring)
MPRegen 0.09/turn

%: no passive effects
@: no status effects
A: sickness immunity, AC +4, negative energy resistance 1, electricity
resistance, torment resistance 1, petrification resistance
a: no special abilities


You were on level 3 of the Dungeon.
You visited 1 branch of the dungeon, and saw 3 of its levels.

You collected 96 gold pieces.


Innate Abilities, Weirdness & Mutations

You are immune to sickness and miasma.
Your stone body is resilient. (AC +4)
You are immune to poison.
You resist negative energy. (rN+)
You are resistant to electric shocks. (rElec)
You are resistant to unholy torment.
You are immune to petrification.


   Skills:
 - Level 3.0 Fighting
 + Level 5.6 Ranged Weapons
 - Level 1.2 Armour
 - Level 1.5 Dodging
 - Level 1.1 Stealth


You had 4 spell levels left.
You didn't know any spells.
Your spell library was empty.

Inventory:

Hand Weapons
 e - a +0 heavy shortbow (weapon)
Armour
 a - a +0 pair of boots of stealth (worn)
 d - a +0 ring mail (worn)
Scrolls
 f - a scroll of identify
 g - a scroll of teleportation
Potions
 b - a potion of haste {unknown}
 c - a potion of lignification

Dungeon Overview and Level Annotations

Branches:
Dungeon (3/15)

Altars:
Nemelex Xobeh


Message History

The orc wizard flickers and vanishes!
Deactivating autopickup; reactivate with Ctrl-A.
Something hits you.
You shoot an arrow.
Something hits you but does no damage. x2
You shoot an arrow. Something hits you but does no damage. Something hits you.
You shoot an arrow.
You hear some strange, mumbled words.
A puff of flame appears from out of thin air!
The puff of flame hits you!
A jackal comes into view.
You shoot an arrow. The arrow hits the jackal.
The jackal is moderately wounded.
Something hits you but does no damage. x2
You shoot an arrow. The arrow hits the jackal!
You kill the jackal!
Something hits you but does no damage. x2
You shoot an arrow.
You hear some strange, mumbled words.
You are confused.
Something hits you but does no damage.
You shoot an arrow. Something hits you.
You shoot an arrow. Something hits you. Something hits you but does no damage.
You shoot an arrow.
You feel less confused.
Something hits you but does no damage. x2
You shoot an arrow.
Something hits you but does no damage. x2
You shoot an arrow. Something hits you.
You shoot an arrow.
Something hits you but does no damage. x2
You shoot an arrow. Something hits you. x2
You shoot an arrow. Something hits you.
You die...

#.........#......
.............?....%.
#..........:....#.......
................#...%...
................#...).
........%.......#...
................#{#
................@.#
................###
...............##############
.......##...................#
>..##....................#### #
##.##.####......##.........# #
##.##..##...###............# ###
#..###..#.#.####...........####..
#.## ##.#.#.##...#.........#.....


There were no monsters in sight!

Vanquished Creatures
  3 adders (D:2)
  2 worms (D:2)
  3 dart slugs
  7 orcs (D:3)
  9 ball pythons
  3 bats
  6 endoplasms
  A giant cockroach (D:1)
  4 goblins (D:2)
  9 hobgoblins
  4 jackals
  2 quokkas
  A frilled lizard (D:1)
  4 kobolds
  8 rats
66 creatures vanquished.

Notes
Turn   | Place    | Note
-------+----------+-------------------------------------------
     0 | D:1      | qw the Gargoyle Hunter began the quest for the Orb.
     0 | D:1      | Reached XP level 1. HP: 12/12 MP: 1/1
     0 | D:1      | 0 ||| qw: Version: 0.3-a-3-g30531e4
     0 | D:1      | 0 ||| qw: Game counter: 399
     0 | D:1      | 0 ||| qw: Always use a shield: true
     0 | D:1      | 0 ||| qw: God list: Okawaru
     0 | D:1      | 0 ||| qw: Allow faded altars: false
     0 | D:1      | 0 ||| qw: Do Orc after D:15 true
     0 | D:1      | 0 ||| qw: Do second Lair branch before Depths: true
     0 | D:1      | 0 ||| qw: Lair rune preference: random
     0 | D:1      | 0 ||| qw: Plans: Normal, Zot:1-4, Slime:5, God:TSO, Crypt,
                  | Tomb, Abyss, Pan, Hells, Win
     0 | D:1      | 0 ||| PLANNING D:1-11
     7 | D:1      | You fall into a shaft and drop 1 floor!
    57 | D:2      | Reached XP level 2. HP: 17/17 MP: 2/2
   135 | D:2      | 135 ||| READING 2 scrolls labelled DOWNYHAOMESM.
   136 | D:2      | 136 ||| READING scroll of brand weapon.
   136 | D:2      | 136 ||| BRANDING +0 shortbow of chaos.
   137 | D:2      | 137 ||| READING scroll labelled AMUONO HUEREX.
   147 | D:2      | 147 ||| DROPPING scroll of butterflies.
   158 | D:1      | Reached XP level 3. HP: 21/21 MP: 3/3
   172 | D:1      | Reached skill level 5 in Ranged Weapons
   790 | D:1      | Reached skill level 3 in Fighting
   796 | D:1      | 796 ||| UPGRADING to +0 pair of boots of stealth.
   801 | D:1      | 801 ||| UPGRADING to +0 ring mail.
   811 | D:1      | 811 ||| DROPPING +0 leather armour.
   812 | D:1      | 812 ||| READING scroll labelled BUAMOXKE SAATU.
   815 | D:1      | 815 ||| READING 2 scrolls labelled VIR IXZAINIZUI.
   816 | D:1      | 816 ||| DROPPING scroll of revelation.
   913 | D:2      | Reached skill level 1 in Armour
   913 | D:2      | Reached XP level 4. HP: 28/28 MP: 4/4
  1389 | D:2      | 1389 ||| READING scroll labelled OQYLOCR UT CEI.
  1390 | D:2      | 1390 ||| READING scroll labelled CEPEKHL VUPUED.
  1391 | D:2      | 1391 ||| READING scroll labelled KEMANE QUBLU.
  1392 | D:2      | 1392 ||| DRINKING 2 grey potions.
  1589 | D:3      | Found a sparkling altar of Nemelex Xobeh.
  1634 | D:3      | Reached XP level 5. HP: 32/32 MP: 5/5
  1648 | D:3      | HP: 5/32 [something (4)]
  1653 | D:3      | HP: 4/32 [something (1)]
  1653 | D:3      | HP: 1/32 [something (3)]
  1654 | D:3      | Slain by an orc wizard

Levels and vault maps discovered:
D:1:      lordsloth_arrival_two_stooges, layout_basic
D:2:      layout_loops_ring
D:3:      layout_rooms, mainiacjoe_overflow_cross_hatched

Skill      XL: |  1  2  3 |
---------------+----------+-----
Ranged Weapons | 5 |  5.6
Fighting       | 3 |  3.0
Armour         | 1 |  1.2
Dodging        | |  1.5
Stealth        | |  1.1

Action                     |  1- 3 |  4- 6 || total
---------------------------+-------+-------++-------
   Fire: Shortbow          |    78 |    89 ||   167
    Use: Scroll            |     5 |     3 ||     8
         Potion            |       |     1 ||     1
 Armour: Leather armour    |     7 |       ||     7
         Ring mail         |     6 |    53 ||    59
  Dodge: Dodged            |    16 |    35 ||    51

Table legend:
 A = Non-vault XP
 B = Vault XP
 C = Vault XP percentage of total XP
 D = Non-vault monster count
 E = Vault monster count
 F = Vault count percentage of total count
                 A         B        C        D         E       F
            +---------+---------+-------+---------+---------+-------
      Total |     169 |       0 |   0.0 |      66 |       0 |   0.0
            +---------+---------+-------+---------+---------+-------
        D:1 |      37 |       0 |   0.0 |      22 |       0 |   0.0
        D:2 |      92 |       0 |   0.0 |      27 |       0 |   0.0
        D:3 |      40 |       0 |   0.0 |      17 |       0 |   0.0
            +---------+---------+-------+---------+---------+-------
